 Dungeon Crawl Stone Soup version 0.29-a0-1027-gcd8c55af63 (webtiles) character file.

Game seed: 4685284198892736465

1247 wilfster70 the Magician (level 8, -1/52 HPs)
             Began as a Djinni Conjurer on Aug 12, 2022.
             Slain by Edmund
             ... wielding a +1 flail of holy wrath
              (6 damage)
             ... on level 5 of the Dungeon.
             The game lasted 00:11:26 (6125 turns).

wilfster70 the Magician (Djinni Conjurer)           Turns: 6125, Time: 00:11:27

Health: -1/52      AC:  4    Str:  6    XL:     8   Next: 79%
Gold:   275        EV: 12    Int: 21    God:
                   SH:  0    Dex: 13

rFire   + . .      SeeInvis .   b - +0 sling
rCold   . . .      Faith    .   (no shield)
rNeg    . . .      Spirit   .   u - +0 robe
rPois   ∞          Reflect  .   h - +2 hat
rElec   .          Harm     .   (no cloak)
rCorr   .          Rampage  .   (no gloves)
Will    .....                   (boots unavailable)
Stlth   ++........              y - amulet of the acrobat
HPRegen 0.17/turn               k - ring of ice
MPRegen 0.00/turn               (no ring)

@: flying, very slightly contaminated
A: sickness immunity, fire resistance 2, cold vulnerability 1, float, innate
caster, HP casting, extra vitality 1
a: no special abilities


You were on level 5 of the Dungeon.
You visited 1 branch of the dungeon, and saw 5 of its levels.

You collected 275 gold pieces.

Inventory:

Hand Weapons
 a - a +1 morningstar of venom
 b - a +0 sling (weapon)
Missiles
 d - 5 boomerangs of dispersal
 r - 2 throwing nets
 z - a curare-tipped dart
Armour
 h - a +2 hat (worn)
 u - a +0 robe (worn)
Jewellery
 k - a ring of ice (left hand)
 o - a +6 ring of dexterity
 y - an amulet of the acrobat (around neck)
Scrolls
 f - a scroll of torment {unknown}
 i - a scroll of blinking
 j - 3 scrolls of fog {unknown}
 l - a scroll of teleportation {unknown}
 n - a scroll of amnesia {unknown}
 p - a scroll of immolation {unknown}
 s - a scroll of noise {unknown}
 t - a scroll of vulnerability {unknown}
 w - a scroll of magic mapping {unknown}
Potions
 c - a potion of resistance {unknown}
 g - 2 potions of degeneration {unknown}
 m - a potion of heal wounds {unknown}
 q - a potion of haste {unknown}
 v - a potion of berserk rage {unknown}
 x - a potion of mutation


   Skills:
 + Level 1.1 Fighting
 - Level 0.7 Maces & Flails
 - Level 6.0 Ranged Weapons
 - Level 2.1 Dodging
 - Level 1.5 Stealth
 - Level 6.0 Spellcasting


You couldn't memorise any spells.
You knew the following spells:

 Your Spells              Type           Power      Damage    Failure   Level
a - Magic Dart            Conj           100%       1d8       1%          1
b - Searing Ray           Conj           62%        2d6       1%          2
c - Dazzling Flash        Conj/Hex       62%        N/A       2%          3
d - Fulminant Prism       Conj/Hex       15%        3d11      9%          4
e - Iskenderun's Mystic   Conj/Tloc      31%        2d8       9%          4
f - Freeze                Ice            100%       1d11      1%          1
g - Wereblood             Tmut           31%        N/A       1%          2
h - Confusing Touch       Hex            31%        N/A       2%          3
Your spell library was empty.

Dungeon Overview and Level Annotations

Branches:
Dungeon (5/15)
 Temple: D:4-7

Altars:
Cheibriados
Elyvilon
Qazlal
Trog
Wu Jian
Lugonu

Shops:
D:2 [*

Portals:
Abyss: D:4

Annotations:
D:4 2 runed translucent doors
D:5 Edmund


Innate Abilities, Weirdness & Mutations

You are immune to sickness and miasma.
You are immune to poison.
Your flesh is very heat resistant. (rF++)
You are vulnerable to cold. (rC-)
You float through the air rather than walking.
You learn spells naturally, not from books.
Your magical power is your life essence.
You have superior vitality. (+4 MHP)


Message History

The searing ray misses the howler monkey.
The howler monkey hoots and howls with incredible vigour!
Edmund closely misses you.
Casting: Searing Ray (safe; 1% risk of failure)
Confirm with . or Enter, or press ? or * to list all spells.
You miscast Iskenderun's Mystic Blast.
You are very lightly contaminated with residual magic.
You are blasted with magical energy!
* * * LOW HITPOINT WARNING * * *
x2 Edmund hits you with a +1 flail of holy wrath.
* * * LOW HITPOINT WARNING * * *
Edmund drinks a potion.
Edmund is healed!
Unknown command.
Unknown command.
Unknown command.
Casting: Iskenderun's Mystic Blast (dangerous; 9% risk of failure)
Confirm with . or Enter, or press ? or * to list all spells.
Aiming: Searing Ray (safe; 1% risk of failure)
Press: ? - help, Shift-Dir - straight line, f/p - Edmund
Aim: Edmund, wielding a +1 flail of holy wrath, wearing a +1 scale mail of fire resistance and carrying a wand of flame (14) (severely wounded, 82% to hit)
The searing ray hits Edmund.
Edmund is severely wounded. (Press . to maintain the ray.)
* * * LOW HITPOINT WARNING * * *
Edmund hits you with a +1 flail of holy wrath.
* * * LOW HITPOINT WARNING * * *
You feel better.
Edmund hits you with a +1 flail of holy wrath.
* * * LOW HITPOINT WARNING * * *
Casting: Searing Ray (safe; 1% risk of failure)
Confirm with . or Enter, or press ? or * to list all spells.
Aiming: Searing Ray (safe; 1% risk of failure)
Press: ? - help, Shift-Dir - straight line, f/p - Edmund
Aim: Edmund, wielding a +1 flail of holy wrath, wearing a +1 scale mail of fire resistance and carrying a wand of flame (14) (severely wounded, 82% to hit)
The searing ray hits Edmund.
Edmund is severely wounded. (Press . to maintain the ray.)
* * * LOW HITPOINT WARNING * * *
Edmund hits you with a +1 flail of holy wrath.
You die...

##...##........ ....##........
#..##........ ####.h##@.......
#.........#+#### #.....)...+.#
#(........#.# #######.#####.#
........h@@...#######
########.##.........###
########..#.#.##......#
#...........#.##....#.#
#.#######..##.#######.# #.#####
##..........#.# # #######.....#
#..#.#####.#.# .. #...........#
#.......<~~.P♣♣♣P.
#.###....########.#.####~~P.....P


You could see Edmund and a howler monkey.

Vanquished Creatures
  Pikel (D:5)
  A sky beast (D:5)
  An ogre (D:4)
  2 phantoms
  A kobold brigand (D:4)
  A necrophage (D:3)
  A scorpion (D:5)
  4 jellies
  2 iguanas
  3 adders
  An ufetubus (D:5)
  A worm (D:2)
  3 dart slugs
  An orc (D:4)
  13 endoplasms
  2 giant cockroaches (D:1)
  8 goblins
  6 hobgoblins
  11 kobolds
  4 quokkas
  5 ball pythons
  4 bats
  3 frilled lizards (D:1)
  7 rats
86 creatures vanquished.

Vanquished Creatures (others)
  9 fungi (D:2)
  22 plants (D:1)
  9 toadstools (D:2)
40 creatures vanquished.

Grand Total: 126 creatures vanquished

Notes
Turn   | Place    | Note
-------+----------+-------------------------------------------
     0 | D:1      | wilfster70 the Djinni Conjurer began the quest for the Orb.
     0 | D:1      | wilfster70 set off with the following spells memorised:
                  | Magic Dart, Searing Ray, Dazzling Flash, Fulminant Prism,
                  | Iskenderun's Mystic Blast.
     0 | D:1      | Reached XP level 1. HP: 15/15 MP: 0/0
   327 | D:1      | Reached XP level 2. HP: 20/21 MP: 0/0
   425 | D:1      | Found a faded altar of an unknown god.
   498 | D:1      | Identified a scroll of acquirement
   498 | D:1      | Acquired a +1 morningstar of venom
   551 | D:1      | Reached XP level 3. HP: 21/25 MP: 0/0
   551 | D:1      | Learned a level 1 spell: Freeze
  1363 | D:2      | Reached XP level 4. HP: 27/31 MP: 0/0
  1764 | D:2      | Reached XP level 5. HP: 17/35 MP: 0/0
  1764 | D:2      | Learned a level 2 spell: Wereblood
  1946 | D:2      | Reached skill level 5 in Spellcasting
  2348 | D:2      | Found Komual's Armour Shoppe.
  2470 | D:2      | Found Tacecken's General Store.
  2768 | D:3      | Reached XP level 6. HP: 38/40 MP: 0/0
  3062 | D:3      | Found a snail-covered altar of Cheibriados.
  4343 | D:4      | Reached XP level 7. HP: 45/45 MP: 0/0
  4343 | D:4      | Learned a level 3 spell: Confusing Touch
  4415 | D:4      | Found a stormy altar of Qazlal.
  4522 | D:4      | Found a bloodstained altar of Trog.
  4553 | D:4      | Found a large runed translucent door.
  4554 | D:4      | Found a large runed translucent door.
  4639 | D:4      | Found an ornate altar of the Wu Jian Council.
  4657 | D:4      | Reached skill level 1 in Ranged Weapons
  4827 | D:4      | Found a corrupted altar of Lugonu.
  4870 | D:4      | Found a one-way gate to the infinite horrors of the Abyss.
  4926 | D:5      | Entered Level 5 of the Dungeon
  5460 | D:5      | Found a white marble altar of Elyvilon.
  5531 | D:5      | Reached XP level 8. HP: 42/50 MP: 0/0
  5881 | D:5      | Noticed Pikel
  5899 | D:5      | Killed Pikel
  5900 | D:5      | Reached skill level 1 in Fighting
  6098 | D:5      | Noticed Edmund
  6123 | D:5      | HP: 1/52 [Edmund/+1 flail of holy wrath (6)]
  6125 | D:5      | Slain by Edmund

Illustrated notes

Levels and vault maps discovered:
D:1:      lightli_arrival_farm, layout_loops_ring,
          dreamdust_ecumenical_altar_drowned_temple
D:2:      cheibrodos_fertilizer, layout_loops_ring, serial_shops, shop,
          nicolae_shop_behind_doors
D:3:      layout_loops_corners, old_standard_altar, corexii_shack
D:4:      due_chaos_kobolds, layout_loops_ring,
          mainiacjoe_overflow_surrounded_room, overflow_temple_1_default,
          lemuel_tele_altar
D:5:      layout_basic, nicolae_elyvilon_peaceful_grove, uniq_edmund, uniq_pikel

Skill      XL: |  1  2  3  4  5  6  7  8 |
---------------+-------------------------+-----
Spellcasting   | 4 5 6 |  6.0
Ranged Weapons | 3 6 |  6.0
Fighting       | 1 |  1.1
Maces & Flails | |  0.7
Dodging        | |  2.1
Stealth        | |  1.5

Action                   |  1- 3 |  4- 6 |  7- 9 || total
-------------------------+-------+-------+-------++-------
Melee: Morningstar       |    10 |     1 |       ||    11
 Fire: Sling             |       |    11 |    16 ||    27
 Cast: Magic Dart        |    52 |    53 |       ||   105
       Searing Ray       |       |    16 |    27 ||    43
       Freeze            |       |     1 |       ||     1
       Iskenderun's Myst |       |       |     7 ||     7
  Use: Scroll            |     1 |     3 |       ||     4
       Potion            |       |       |     1 ||     1
Armor: Robe              |     3 |     4 |     4 ||    11
Dodge: Dodged            |    15 |    16 |    47 ||    78

Table legend: (Time is in decaauts)
 A = Elapsed time spent in this place.
 B = Non-inter-level travel time spent in this place.
 C = Inter-level travel time spent in this place.
 D = Time resting spent in this place.
 E = Time spent auto-exploring this place.
 F = Levels seen in this place.
 G = Mean time per level.
                   A        B        C        D        E       F      G
               +--------+--------+--------+--------+--------+-----+--------+
         Total |   6139 |   6036 |    103 |   2034 |   2828 |   5 | 1227.8 |
       Dungeon |   6139 |   6036 |    103 |   2034 |   2828 |   5 | 1227.8 |
               +--------+--------+--------+--------+--------+-----+--------+

Top non-repeatable levels by time:
     D:2: 1695 daAuts
     D:4: 1663 daAuts
     D:1: 1158 daAuts
     D:3: 867 daAuts
     D:5: 754 daAuts
